 Dungeon Crawl Stone Soup version 0.20.1-1-g8b1a95d (webtiles) character file.

1564 dohliylev the Covert (level 8, 0/56 HPs)
             Began as a Vampire Enchanter on July 9, 2017.
             Slain by a bullfrog (3 damage)
             ... on level 5 of the Dungeon.
             The game lasted 00:32:41 (6883 turns).

dohliylev the Covert (Vampire Enchanter)            Turns: 6883, Time: 00:32:42

Health: 0/56       AC:  3    Str:  7    XL:     8   Next: 58%
Magic:  0/14       EV: 14    Int: 17    God:
Gold:   305        SH:  0    Dex: 17    Spells: 6/15 levels left

rFire    . . .     SeeInvis +   a - +3 dagger
rCold    . . .     Gourm    .   (no shield)
rNeg     + . .     Faith    .   b - +0 robe
rPois    .         Spirit   +   (no helmet)
rElec    .         Reflect  .   (no cloak)
rCorr    .         Harm     .   i - +0 pair of gloves
MR       .....                  (no boots)
Stlth    +++++.....             m - amulet of guardian spirit
Regen    0.2/turn               r - ring of wizardry
MPRegen  0.2/turn               (no ring)

@: no status effects
A: fangs 3, see invisible, unbreathing
a: Bat Form


You were on level 5 of the Dungeon.
You were not thirsty.

You visited 1 branch of the dungeon, and saw 5 of its levels.
You also visited: Sewer.

You collected 305 gold pieces.

Inventory:

Hand Weapons
 a - a +3 dagger (weapon)
 s - a +0 rapier
Missiles
 l - 8 poisoned needles
Armour
 b - a +0 robe (worn)
 i - a +0 pair of gloves (worn)
 p - a +0 buckler
Jewellery
 m - an amulet of guardian spirit (around neck)
 r - a ring of wizardry (left hand)
 v - an uncursed ring of protection from magic {unknown}
Scrolls
 e - 3 scrolls of remove curse {unknown}
 g - a scroll of magic mapping {unknown}
 h - a scroll of enchant weapon {unknown}
 j - 6 scrolls of identify {unknown}
 q - a scroll of recharging {unknown}
 u - a scroll of teleportation {unknown}
 w - a scroll of fog {unknown}
Potions
 d - 45 potions of blood
 k - a potion of flight {unknown}
 n - 2 potions of mutation {unknown}
 o - a potion of lignification {unknown}
 t - a potion of might {unknown}
Books
 c - a book of Maledictions

   Spells                             Type                      Level
   a - Corona                         Hexes                        1
   b - Ensorcelled Hibernation        Hexes/Ice                    2
   c - Confuse                        Hexes                        3
   d - Tukima's Dance                 Hexes                        3
   e - Dazzling Spray                 Conjuration/Hexes            3


   Skills:
 + Level 1.9 Fighting
 + Level 3.5 Short Blades
 + Level 3.8 Dodging
 + Level 11.6 Stealth
 + Level 4.2 Spellcasting
 + Level 0.7 Conjurations
 + Level 6.6 Hexes
 + Level 2.8 Ice Magic


You had 6 spell levels left.
You knew the following spells:

 Your Spells              Type           Power        Failure   Level  Hunger
a - Corona                Hex            ####...      1%          1    None
b - Ensorcelled Hibernat  Hex/Ice        ###...       1%          2    ##.....
c - Tukima's Dance        Hex            ####....     1%          3    ###....
d - Dazzling Spray        Conj/Hex       ###...       4%          3    ###....


Dungeon Overview and Level Annotations

Branches:
Dungeon (5/15)
 Temple: D:4-7

Altars:


Innate Abilities, Weirdness & Mutations

You have razor-sharp teeth.
You have supernaturally acute eyesight. (SInv)
You can survive without breathing.


Message History

The bullfrog barely misses you.
You hit the bullfrog.
The bullfrog is heavily wounded.
The bullfrog hits you!
* * * LOW HITPOINT WARNING * * *
You closely miss the bullfrog.
The bullfrog is heavily wounded.
The bullfrog hits you.
* * * LOW HITPOINT WARNING * * *
You hit the bullfrog. You bite the bullfrog.
The bullfrog is severely wounded.
The bullfrog misses you.
You closely miss the bullfrog.
The bullfrog is severely wounded.
The bullfrog hits you but does no damage.
The bullfrog barely misses you.
You hit the bullfrog. Your bite misses the bullfrog.
The bullfrog is almost dead.
The bullfrog hits you.
You die...

#########≈#
#≈≈≈≈≈≈#
#≈#≈####
#≈≈≈≈#
#≈##≈#
#≈≈#≈#
##≈#≈#
#≈#F#
#≈≈#@#
######


You could see a bullfrog.

Vanquished Creatures
  3 ogres
  7 big kobolds (D:4)
  A bullfrog (D:5)
  A scorpion (D:4)
  Crazy Yiuf (D:2)
  4 orc priests (D:3)
  2 orc wizards
  A worker ant (D:4)
  14 gnolls
  10 adders
  13 oozes
  An adder skeleton (D:4)
  3 worms
  A dart slug (D:2)
  8 leopard geckos
  10 orcs
  5 ball pythons
  7 bats
  18 giant cockroaches
  11 hobgoblins
  20 jackals
  3 quokkas
  A ball python skeleton (D:4)
  17 frilled lizards
  7 goblins
  42 kobolds
  6 rats
217 creatures vanquished.

Notes
Turn   | Place    | Note
-------+----------+-------------------------------------------
     0 | D:1      | dohliylev the Vampire Enchanter began the quest for the Orb.
     0 | D:1      | Reached XP level 1. HP: 13/13 MP: 3/3
   424 | D:1      | Reached XP level 2. HP: 13/19 MP: 5/5
   817 | D:1      | Reached skill level 5 in Stealth
   829 | D:1      | Learned a level 2 spell: Ensorcelled Hibernation
  1044 | D:1      | Reached XP level 3. HP: 21/25 MP: 6/6
  1972 | D:2      | Reached skill level 6 in Stealth
  1972 | D:2      | Reached XP level 4. HP: 31/31 MP: 7/7
  1998 | D:2      | Found a runed door.
  2002 | D:2      | Noticed Crazy Yiuf
  2006 | D:2      | Killed Crazy Yiuf
  2006 | D:2      | Reached skill level 5 in Hexes
  2129 | D:3      | Noticed an ogre
  2134 | D:3      | Killed an ogre
  2134 | D:3      | Reached skill level 7 in Stealth
  2134 | D:3      | Reached XP level 5. HP: 36/36 MP: 7/9
  2559 | D:3      | Reached skill level 8 in Stealth
  2579 | D:3      | Reached XP level 6. HP: 42/42 MP: 1/10
  2770 | D:3      | Reached skill level 1 in Ice Magic
  3274 | D:4      | Reached skill level 9 in Stealth
  3311 | D:4      | Reached XP level 7. HP: 47/47 MP: 11/11
  4026 | D:4      | Learned a level 3 spell: Tukima's Dance
  4030 | D:4      | Learned a level 3 spell: Dazzling Spray
  4578 | D:4      | Reached skill level 1 in Fighting
  4578 | D:4      | Reached skill level 10 in Stealth
  5048 | D:4      | Reached skill level 11 in Stealth
  5048 | D:4      | Reached XP level 8. HP: 54/54 MP: 3/13
  5489 | D:5      | Entered Level 5 of the Dungeon
  5917 | D:5      | Found a glowing drain.
  5924 | Sewer    | Entered a sewer
  6880 | D:5      | HP: 2/56 [bullfrog (6)]
  6883 | D:5      | Slain by a bullfrog

Skill      XL: |  1  2  3  4  5  6  7  8 |
---------------+-------------------------+-----
Stealth        | 5 6 7 8 9 11 | 11.6
Short Blades   | 2 3 |  3.5
Hexes          | 5 6 |  6.6
Ice Magic      | 1 2 |  2.8
Spellcasting   | 3 4 |  4.2
Dodging        | 3 |  3.8
Fighting       | 1 |  1.9
Conjurations   | |  0.7

Action                   |  1- 3 |  4- 6 |  7- 9 || total
-------------------------+-------+-------+-------++-------
Melee: Dagger            |   105 |   152 |   352 ||   609
       Bite              |     5 |     6 |    29 ||    40
 Cast: Corona            |    11 |     3 |     6 ||    20
       Ensorcelled Hiber |     7 |    20 |    56 ||    83
       Dazzling Spray    |       |       |    23 ||    23
 Abil: End Transformatio |       |       |     5 ||     5
       Bat Form          |       |       |     5 ||     5
  Use: Potion            |       |     1 |    14 ||    15
 Stab: Sleeping          |    19 |    21 |    51 ||    91
       Invisible         |       |       |     3 ||     3
Armor: Robe              |    23 |    26 |    45 ||    94
Dodge: Dodged            |    64 |    91 |   271 ||   426
